[Event "87th Spanish Championship 2022"]
[Site "Linares"]
[Date "2022.08.11"]
[Round "1.36"]
[White "Martinez Fernandez, Adrian"]
[Black "Jimenez Fernandez, Rebeca"]
[Result "0-1"]
[ECO "B76"]
[WhiteElo "2366"]
[BlackElo "1908"]
[Annotator "TA"]
[PlyCount "106"]
[EventDate "2022.08.11"]
[EventType "swiss"]
[EventCountry "ESP"]
[SourceTitle "playchess.com"]
[Source "ChessBase"]
[SourceQuality "1"]
[TimeControl "5400+30"]

1. e4 c5 2. Nf3 d6 3. d4 cxd4 4. Nxd4 Nf6 5. Nc3 g6 6. Be3 Bg7 7. f3 Nc6 8. Qd2 O-O 9. O-O-O d5 10. Qe1 e5 11. Nxc6 bxc6 12. exd5 Nxd5 13. Bc4 Be6 14. Kb1 {[%emt 0:00:06] B76: Sicilian Dragon: Yugoslav Attack, 9 g4 and 9 0-0-0.} a5 15. Ne4 Qb8 16. Bc5 {[%emt 0:11:01] White is slightly better.} Rd8 {[%emt 0:03:12] [#]} 17. g4 $146 ({Predecessor:} 17. h4 a4 18. h5 a3 19. b3 Nf4 20. Bxe6 Rxd1+ 21. Qxd1 Nxe6 22. hxg6 hxg6 23. Be7 {0-1 (41) Pichot,A (2570)-Reinberg,J (2162) Chess.com INT 2017}) 17... Nf4 18. Bd6 $2 (18. Rxd8+ $11 Qxd8 19. Bxe6 Nxe6 20. Qc3) 18... Rxd6 $1 $17 19. Nxd6 {[%emt 0:00:38] [#] And now Bxe6 would win.} Bd5 20. Bxd5 cxd5 21. Ne4 dxe4 22. Qxe4 Qe8 {[%emt 0:05:44] Prevents Rd7.} 23. h4 Rb8 24. c3 Qb5 25. Rh2 a4 26. h5 (26. a3 $17 {might work better.}) 26... a3 $40 {[%emt 0:01:06][%cal Ra3b2][%mdl 128] Black goes for the king.} 27. b3 Ne6 28. Rc2 Qc5 29. b4 Qb6 30. Qc4 Ng5 31. f4 exf4 32. Qxf4 Ne6 33. Qd6 Qb7 {[%emt 0:01:32] Strongly threatening ...Rd8.} 34. Qd5 Qc7 35. Qb3 Qf4 36. hxg6 hxg6 37. Qxa3 Qxg4 38. Rf1 Qc4 39. Rd1 (39. Qc1 $142 Rd8 40. Rf3) 39... Qg4 $2 ({Black should try} 39... Nc5 $19 40. Re1 Ne4) 40. Rdc1 $2 (40. Rf1 $1 $11 {and White is okay.}) 40... Nc5 {[%emt 0:00:54] Threatens to win with ...Qe4.} 41. Qa5 Nd3 42. Rh1 {[%emt 0:01:09] [#]} Nxb4 43. cxb4 (43. Qc7 Na6+) 43... Rxb4+ 44. Kc1 Qf4+ 45. Rd2 Rc4+ 46. Kd1 Qf3+ 47. Re2 Qxh1+ 48. Re1 Qf3+ 49. Re2 Qf1+ 50. Qe1 Qf3 $2 (50... Rd4+ {mates} 51. Kc1 Qf4+ 52. Kb1 Qf5+ 53. Rc2 Rd8 54. Kc1 Bh6+ 55. Rd2 Qd3 56. Kd1 Bxd2 57. Qf1 Qxf1+ 58. Kc2 Qc1+ 59. Kb3 Qc3+ 60. Ka4 Qb4#) 51. Qf2 $2 (51. Qa5 $11 Bh6 52. Qa8+ Kh7 53. Qa3 Qh1+ 54. Re1 Qd5+ 55. Ke2 Qg2+ 56. Kd3 Qc2#) 51... Rd4+ {[%emt 0:00:30] Black mates.} 52. Ke1 Qh1+ 53. Qf1 {[%emt 0:00:05] [#]} Rd1+ $3 {[%emt 0:00:14][%mdl 512] Weighted Error Value: White=1.11/Black=0.45} 0-1

[Event "87th Spanish Championship 2022"]
[Site "Linares"]
[Date "2022.08.12"]
[Round "2.1"]
[White "Santos Latasa, Jaime"]
[Black "Serarols Mabras, Bernat"]
[Result "1-0"]
[ECO "B31"]
[WhiteElo "2675"]
[BlackElo "2357"]
[Annotator "TA"]
[PlyCount "71"]
[EventDate "2022.08.11"]
[EventType "swiss"]
[EventCountry "ESP"]
[SourceTitle "playchess.com"]
[Source "ChessBase"]
[SourceQuality "1"]
[TimeControl "5400+30"]

1. e4 c5 2. Nf3 Nc6 3. Bb5 g6 4. Bxc6 dxc6 5. d3 Qc7 6. h3 {[%emt 0:00:20] B31: Sicilian: 2...Nc6 3 Bb5 g6.} e5 7. a3 $5 {[%emt 0:01:09][%mdl 4] [#] An interesting side line.} f6 $146 ({Predecessor:} 7... a5 8. Be3 f6 9. Nbd2 Nh6 10. c3 Be6 11. d4 cxd4 12. cxd4 Nf7 13. O-O Be7 {1-0 (47) Naiditsch,A (2175)-Czap,B Bad Wiessee 1997}) 8. Be3 {[%emt 0:03:52] The position is equal.} Nh6 9. Qd2 Nf7 10. Qc3 b6 11. b4 cxb4 12. axb4 Bd6 13. Nbd2 Be6 14. Nc4 O-O 15. Nxd6 {[%emt 0:00:44] White is more active.} Nxd6 16. O-O Rfc8 17. Nd2 Qd7 {[%emt 0:05:43] [#]} (17... g5 $16 {is a better defense.}) 18. f4 $1 $18 Nb5 19. Qb2 Nd4 20. fxe5 fxe5 {[%emt 0:00:02] [#]} 21. Nf3 $1 Nxf3+ 22. Rxf3 Qd6 23. Kh2 a5 (23... Rcb8 $142 24. Bd2 Rd8) 24. bxa5 (24. Bxb6 axb4 25. Bf2 (25. Rf6 Rxa1 26. Qxa1 c5 $16) 25... c5 $16) 24... bxa5 25. Qc3 a4 (25... Qb4 $142 26. Qxe5 Qb8 27. Qxb8 Rcxb8) 26. Bc5 Qc7 27. Raf1 Re8 28. Rf6 Kg7 29. R6f3 Kg8 $1 30. Qa3 Qd8 $2 (30... Qg7 {was necessary.} 31. Rf6 h6) 31. Bd6 Qg5 32. Qc3 (32. Qc5 a3 33. Rf6 (33. Bxe5 a2 $16) 33... a2 $18) 32... c5 33. Bxe5 (33. Qxc5 $142 {aiming for Rf6.} Rac8 34. Qf2 (34. Qxe5 Qxe5+ 35. Bxe5 Rxc2 $16)) 33... a3 $2 (33... Qe7 34. Qa3 Bg4) 34. Bf6 {[%emt 0:00:46] White is clearly winning.} Qh5 35. Qd2 {[%emt 0:00:39] Ba1 is the strong threat.} a2 36. Ba1 {[%emt 0:00:05] Weighted Error Value: White=0.27 (precise) /Black=0.41} 1-0

[Event "87th Spanish Championship 2022"]
[Site "Linares"]
[Date "2022.08.12"]
[Round "2.2"]
[White "Domingo Nunez, Ruben"]
[Black "Iturrizaga Bonelli, Eduardo"]
[Result "0-1"]
[ECO "E38"]
[WhiteElo "2361"]
[BlackElo "2619"]
[Annotator "TA"]
[PlyCount "76"]
[EventDate "2022.08.11"]
[EventType "swiss"]
[EventCountry "ESP"]
[SourceTitle "playchess.com"]
[Source "ChessBase"]
[SourceQuality "1"]
[TimeControl "5400+30"]

1. d4 Nf6 2. c4 e6 3. Nc3 Bb4 4. Qc2 c5 5. dxc5 Na6 6. a3 Bxc3+ 7. Qxc3 Nxc5 8. b4 {[%emt 0:00:04] The main line 8.b4 scores better than 8.f3.} Na4 9. Qc2 {[%emt 0:00:04] E38: Nimzo-Indian: Classical: 4...c5.} b5 10. cxb5 Nb6 11. Nf3 {[%emt 0:01:57] White is slightly better.} Bb7 12. e3 Rc8 13. Qd1 O-O 14. Be2 d6 15. O-O e5 16. Bb2 Qd7 17. Nd2 Qf5 $1 {[%emt 0:04:28] [#]} 18. e4 $146 ({Predecessor:} 18. Bf3 Bxf3 19. Nxf3 Nc4 20. Qe2 Qh5 21. Rac1 d5 22. Rc2 Rfe8 23. Rfc1 Qf5 24. h3 h5 25. a4 {½-½ (25) Atakisi,U (2412)-Stankovic,M (2465) Paracin 2019}) 18... Qg6 19. f4 (19. f3 $14) 19... Nxe4 $15 (19... Bxe4 20. Nxe4 Qxe4 21. fxe5 Qe3+ 22. Kh1 dxe5 23. Bd3 $11) 20. Bh5 Qh6 $40 {[%emt 0:01:17][%mdl 128] ...Nxd2 is the strong threat. Black attacks.} 21. Bf3 (21. Nxe4 $1 $15 Bxe4 22. Rf2) 21... Nxd2 $1 $17 {[%emt 0:03:27] 0x0.002363ea82f2dp-1022s more active pieces.} ({But not} 21... Qxf4 22. Bxe4 Qe3+ 23. Kh1 Bxe4 24. Re1 Bxg2+ 25. Kxg2 $11) 22. Qxd2 Nc4 23. Qc3 {[%emt 0:00:04] [#]} Bxf3 24. Rxf3 d5 {[%emt 0:00:17] Threatens to win with ...d4.} 25. fxe5 (25. Rf2 $17 {was necessary.}) 25... Nd2 $19 {[%emt 0:00:49][%mdl 64] Discovered Attack} 26. Rh3 Rxc3 27. Rxh6 Rc2 28. Bd4 $2 {[%emt 0:00:00] This costs White the game.} (28. Ra6 $17 {is more resistant.} Rxb2 29. Rxa7) 28... gxh6 29. Bxa7 Nc4 30. a4 Rd8 {[%emt 0:03:00] Hoping for ...d4.} 31. Bd4 Rd2 32. Ba7 (32. Bc3 $142 Rd3 33. Be1) 32... d4 33. Rc1 {[%emt 0:00:06] [#]} d3 $1 {[%emt 0:00:33] And now ...Rc2 would win.} 34. Rxc4 (34. h4 Rc2) 34... Rd1+ 35. Kf2 d2 {[%emt 0:00:03] Black mates.} 36. Rg4+ {[%emt 0:00:03] [#]} Kh8 $1 ({And not} 36... Kf8 37. Bc5+ Ke8 38. Rg8+ Kd7 39. Rxd8+ Kxd8 40. Ke3 $17 (40. Ke2 Ra1 $17)) 37. Rd4 Rxd4 38. Bxd4 {[%emt 0:00:07] [#]} Rf1+ $3 {[%emt 0:00:04][%mdl 576] Clearance, Promotion.  Weighted Error Value: White=0.82/Black=0.04 (flawless)} 0-1

[Event "87th Spanish Championship 2022"]
[Site "Linares"]
[Date "2022.08.12"]
[Round "2.3"]
[White "Salgado Lopez, Ivan"]
[Black "Gomez Dieguez, David"]
[Result "1-0"]
[ECO "E21"]
[WhiteElo "2604"]
[BlackElo "2372"]
[Annotator "TA"]
[PlyCount "119"]
[EventDate "2022.08.11"]
[EventType "swiss"]
[EventCountry "ESP"]
[SourceTitle "playchess.com"]
[Source "ChessBase"]
[SourceQuality "1"]
[TimeControl "5400+30"]

1. d4 Nf6 2. c4 e6 3. Nc3 Bb4 4. Nf3 b6 5. e3 Bb7 6. Bd3 Ne4 7. O-O Bxc3 8. bxc3 O-O 9. Ne1 f5 10. f3 Nf6 (10... Nxc3 $2 11. Qc2 $18) 11. c5 {[%emt 0:10:59] E43: Nimzo-Indian: Rubinstein: 4...b6.} bxc5 12. Rb1 Bc6 13. dxc5 {[%emt 0:14:31] [#] White has an edge.} a5 $146 ({Predecessor:} 13... Nd5 14. Qc2 Qe7 15. c4 Nf6 16. Qc3 Na6 17. Qa5 Nxc5 18. Qxc7 Rfc8 19. Qa5 d6 {1-0 (42) Ehlvest,J (2552)-Soskov,V (2288) Viljandi 2014}) 14. Nc2 Ba4 15. Ba3 Nc6 16. Qd2 Bxc2 17. Bxc2 Rb8 (17... Ne5 $11) 18. Ba4 ({White should try} 18. c4 $14) 18... Rxb1 $11 19. Rxb1 Qa8 (19... Ne5 $11) 20. Rb5 Ne5 21. Qd4 {[%emt 0:10:27] Against Nc4} Nc6 22. Qd1 Nd5 23. Rb3 Ne5 24. c4 Nxc4 25. Bxd7 Rf6 26. Qd4 (26. Bc1 $5 a4 27. Bxa4 $1 $16) 26... Ncxe3 (26... a4 $11 {and Black has nothing to worry.} 27. Rd3 Nxa3) 27. Rxe3 $2 (27. Bb2 $18 {[%cal Od7e6] and White stays clearly on top. Strongly threatening Bxe6+!} Rg6 {[#]} 28. Bxe6+ $1 (28. Rxe3 Nxe3 29. Qxe3 Qd5 $16) 28... Kh8 29. Bf7 (29. Rxe3 Nxe3 30. Qxe3 Qe8 $11) 29... Rxg2+ 30. Kh1) 27... Nxe3 $16 28. Qxe3 Qd5 29. Ba4 {[%emt 0:06:16] Bb2 is the strong threat.} Qxa2 30. Qb3 (30. Qc3 $16) 30... Qa1+ 31. Kf2 Qd4+ 32. Kf1 {[%emt 0:01:01] And now Bb2 would win.} Qa1+ 33. Ke2 {[%emt 0:01:14] Black must now prevent Bb2.} Qe5+ 34. Kd3 {[%emt 0:00:57] Hoping for Bb2.} Rf8 35. Bd7 $36 {[%emt 0:00:31][%mdl 2048] White is pushing. A strong pair of Bishops.} Rd8 36. c6 Kf7 {[%emt 0:00:06] Inhibits Be7.} 37. g3 {[%emt 0:01:28] Active counter play!} a4 38. Qb4 Qd5+ 39. Kc2 {[%emt 0:00:44] aiming for Qe7+. The board is on fire.} Qb3+ $2 {[%emt 0:01:05][%mdl 8192] Black is now going downhill.} (39... Kg6 $11 {and Black stays safe.}) 40. Qxb3 $18 axb3+ 41. Kxb3 Ra8 (41... h5 $142 42. Bc1 e5 43. Bxf5 Rd6) 42. Bb2 Ra5 (42... Rb8+ $142 43. Kc2 Ra8) 43. Kb4 Ra7 44. Bd4 Ra8 45. Be5 Ra7 46. Kb5 g6 {[%emt 0:00:11] [#]} 47. Bxc7 $1 Rxc7 (47... Ke7 48. Ba5) 48. Kb6 {[%emt 0:00:05][%mdl 64] Trapped Piece. White mates.} Rxc6+ 49. Bxc6 {[%emt 0:00:18] KB-KP} e5 50. Kc5 g5 51. Kd5 Kf6 52. Be8 g4 53. fxg4 f4 54. gxf4 exf4 {[%emt 0:00:02] KB-KPP} 55. h4 f3 56. Ke4 f2 57. Bb5 Ke6 58. Bf1 Kf6 59. Bh3 Ke6 60. Kf3 {[%emt 0:00:13] Weighted Error Value: White=0.20 (precise) /Black=0.51} 1-0

[Event "87th Spanish Championship 2022"]
[Site "Linares"]
[Date "2022.08.12"]
[Round "2.4"]
[White "Domingo Nunez, Alejandro"]
[Black "Yuffa, Daniil"]
[Result "0-1"]
[ECO "B90"]
[WhiteElo "2335"]
[BlackElo "2603"]
[Annotator "TA"]
[PlyCount "92"]
[EventDate "2022.08.11"]
[EventType "swiss"]
[EventCountry "ESP"]
[SourceTitle "playchess.com"]
[Source "ChessBase"]
[SourceQuality "1"]
[TimeControl "5400+30"]

1. e4 c5 2. Nf3 d6 3. d4 cxd4 4. Nxd4 Nf6 5. Nc3 a6 6. f3 e5 7. Nb3 Be6 8. Be3 h5 9. Qd2 Nbd7 10. Nd5 {[%emt 0:00:04] 10.Nd5 is better than 10.0-0-0. B90: Sicilian Najdorf: Unusual White 6th moves, 6 Be3 Ng4 and 6 Be3 e5.} Bxd5 11. exd5 g6 12. Be2 {[%emt 0:00:09] White is slightly better.} Bg7 13. O-O b6 {[%emt 0:00:29] Against Na5} 14. c4 O-O 15. h3 Re8 16. Rac1 a5 17. Na1 {[%emt 0:00:57][%cal Bb3a1,Ba1c2,Bc2a3,Ba3b5][%mdl 32] [#]} Nh7 $146 ({Predecessor:} 17... Kh7 18. Nc2 Ng8 19. Na3 Bh6 20. f4 f5 21. Nb5 Nc5 22. Bd3 Nf6 23. fxe5 Bxe3+ 24. Qxe3 Rxe5 {0-1 (41) Bocharov,I (2568)-Sjugirov,S (2661) Sochi 2019}) 18. Nc2 h4 19. Na3 Ndf6 20. Bd1 Nh5 21. Ba4 Rf8 22. Rfe1 Ng3 23. Qf2 Rb8 24. Nb5 Rb7 {[%emt 0:02:45] Inhibits Na7.} 25. a3 f5 $1 26. b4 $2 (26. Qd2 $11) 26... axb4 ({Black should play} 26... f4 $17 27. Bd2 e4) 27. axb4 (27. Bd2 $15) 27... f4 $17 28. Bd2 e4 $1 {[%emt 0:00:51] aiming for ...Ng5.} 29. Bc3 e3 (29... exf3 $1 $17 30. Bxg7 (30. gxf3 Ng5 $17) 30... Rxg7 31. gxf3 (31. Qxf3 $2 Ng5 $19) 31... Ng5) 30. Qc2 $11 Bxc3 31. Qxc3 Ng5 32. Kh2 (32. Ra1 $11) 32... Qf6 ({Better is} 32... N5e4 $1 $17 33. Qc2 (33. fxe4 Qg5 $17) 33... Qf6) 33. Qxf6 Rxf6 34. c5 (34. Ra1 $11) 34... bxc5 $17 35. bxc5 dxc5 36. Rxc5 Nf7 {[%emt 0:01:35] Against d6. 0x0.001f25c9a9acdp-1022s more active pieces.} 37. Rc6 {[%emt 0:00:25] [#]} Rb6 $1 38. Nc7 {[%emt 0:15:48] [#]} (38. Rc7 $17) 38... Ne5 $1 $19 {[%emt 0:06:06] Pair of Knights!} 39. Rxf6 Rxf6 40. Rb1 $2 (40. Ne6 Nd3 41. Ra1) 40... e2 {[%emt 0:07:14][%cal Of6b6] Threatens to win with ...Rb6!} 41. Bb5 Rb6 {[%emt 0:00:22] And now ...Nd3 would win.} 42. Ra1 Kf7 43. Ne8 Nf5 ({Wrong is} 43... Nf1+ $2 44. Kg1 Ne3 45. Re1 $19) 44. Ra7+ (44. Nc7 $19) 44... Kf8 45. Bxe2 Ng3 (45... Rb1 $142 46. Ra4 g5 47. Rb4 Rxb4 48. Nf6 Ng3 49. Ne4 Rb1 50. Nf2 Nxe2 51. d6 Ng3 52. d7 Nxd7 53. Nd1 Ne5 54. Kg1 Rxd1+ 55. Kh2 Rh1#) 46. d6 Rb1 {[%emt 0:00:19] Weighted Error Value: White=0.66/Black=0.22 (precise)} 0-1

[Event "87th Spanish Championship 2022"]
[Site "Linares"]
[Date "2022.08.12"]
[Round "2.5"]
[White "Perez Candelario, Manuel"]
[Black "Fernandez Lopez, Ruben"]
[Result "1-0"]
[ECO "B61"]
[WhiteElo "2578"]
[BlackElo "2324"]
[Annotator "TA"]
[PlyCount "101"]
[EventDate "2022.08.11"]
[EventType "swiss"]
[EventCountry "ESP"]
[SourceTitle "playchess.com"]
[Source "ChessBase"]
[SourceQuality "1"]
[TimeControl "5400+30"]

1. e4 c5 2. Nf3 d6 3. d4 cxd4 4. Nxd4 Nf6 5. Nc3 Nc6 6. Bg5 Bd7 7. Qd2 Rc8 8. f4 Nxd4 9. Qxd4 Qa5 10. e5 dxe5 11. fxe5 e6 12. O-O-O Rxc3 13. Bd2 $1 $16 {[%emt 0:11:58][%mdl 64] Pin. B61: Sicilian: Richter-Rauzer: 6...Bd7 7 Qd2.} (13. Qxc3 $6 Qxc3 14. bxc3 Ne4 $11) (13. bxc3 Bc5 14. Qd3 Nd5 $17) (13. Bxf6 $2 Rc7 14. Bh4 Qxa2 $19) 13... Qxa2 14. Bxc3 g6 {[%emt 0:06:08] ( -> ...Bh6+)} 15. b4 $1 {[%emt 0:01:16] White is better.} Bh6+ (15... Nd5 $16) 16. Bd2 $18 {[%emt 0:01:55] [#] Really sharp!} Bxd2+ $146 (16... Ba4 $2 17. Bd3 (17. Bb5+ Bxb5 18. Bxh6 Nd5 $16) 17... Qa3+ 18. Qb2 (18. Kb1 Bxd2 19. Rxd2 Nd5 $11) 18... Bxd2+ 19. Rxd2 Qxb2+ 20. Kxb2 $18) ({Predecessor:} 16... Qa3+ 17. Qb2 Qxb2+ 18. Kxb2 Bxd2 19. Rxd2 Ng4 20. Re2 h5 21. h3 Nh6 22. g4 Bb5 {1-0 (55) Lorenzo de la Riva,L (2444)-Ladron de Guevara Pinto,P (2370) Barcelona 2012}) 17. Rxd2 Nd5 18. Bc4 Qa3+ 19. Qb2 $1 Qxb2+ 20. Kxb2 Nb6 21. Bb3 Ke7 22. c4 {[%emt 0:02:26] Inhibits Bb5.} Rc8 23. Rc1 Be8 24. g4 Nd7 25. Re1 a5 26. b5 Rc5 27. Rde2 {[%emt 0:00:22] 0x0.0002d9ddcb8ddp-1022s more active pieces.} Nb6 28. Re4 $1 h6 {[%emt 0:01:08] [#]} (28... Nd7 $16 29. g5 Nb6) 29. Ra1 $1 a4 30. Ba2 Nd7 {[%emt 0:00:36] [#]} 31. Rae1 $1 Rc8 32. Ka3 Nc5 33. Rd4 Nd7 34. Re3 ({Resist} 34. Kxa4 Ra8+ 35. Kb3 g5 $18) 34... Ra8 35. Bb1 Nc5 36. Bc2 Nd7 37. Bd1 ({Less strong is} 37. Bxa4 Nc5 38. Kb4 Nxa4 $16) 37... Kf8 38. Bf3 Nc5 39. Kb4 Rc8 40. Bd1 Ke7 41. Bxa4 Nd7 42. Bd1 b6 43. Bf3 Rc5 44. Rde4 g5 45. Re2 {[%emt 0:00:59] White is clearly winning.} Rc7 46. R4e3 Nc5 47. Rd2 Nd7 48. Ra2 f6 49. exf6+ Kxf6 50. Bc6 Bf7 51. Ra6 {[%emt 0:01:30] Weighted Error Value: White=0.06 (flawless) /Black=0.23 (precise)} 1-0

[Event "87th Spanish Championship 2022"]
[Site "Linares"]
[Date "2022.08.12"]
[Round "2.6"]
[White "Alvarez Fernandez, Enrique"]
[Black "Cuenca Jimenez, Jose Fernando"]
[Result "0-1"]
[ECO "D37"]
[WhiteElo "2329"]
[BlackElo "2552"]
[Annotator "TA"]
[PlyCount "138"]
[EventDate "2022.08.11"]
[EventType "swiss"]
[EventCountry "ESP"]
[SourceTitle "playchess.com"]
[Source "ChessBase"]
[SourceQuality "1"]
[TimeControl "5400+30"]

1. d4 Nf6 2. Nf3 d5 3. c4 e6 4. Nc3 Be7 5. Bf4 O-O 6. e3 Nbd7 7. c5 {[%emt 0:01:05] D37: Queen's Gambit Declined: 5 Bf4.} c6 8. b4 b6 9. Bd3 {[%emt 0:07:32] The position is equal. 9.h3 is not played anymore.} a5 10. a3 Ba6 11. O-O Qc8 12. h3 Qb7 13. Qe2 {[%emt 0:06:12] Recently 13.Rb1 got a lot of attention.} Bxd3 14. Qxd3 Ra7 15. Rfc1 axb4 16. axb4 Rfa8 17. Rab1 b5 18. Nd2 Bd8 19. Nb3 Ra3 20. Qc2 h6 21. Qb2 R3a6 {[%emt 0:02:11] Inhibits Na5.} 22. Ra1 Ne4 {[%emt 0:08:40] [#]} 23. Rxa6 $146 ({Predecessor:} 23. Nd1 g5 24. Bh2 Ra4 25. f3 Nef6 26. Qc3 h5 27. Bg3 h4 28. Be1 Bc7 29. Na5 Bxa5 30. Rxa4 bxa4 31. bxa5 {1-0 (55) Koelle,T (2312)-Stork,O (2394) Magdeburg 2021}) 23... Rxa6 24. Nxe4 dxe4 25. Be5 Qa8 26. Ra1 Rxa1+ (26... Ra4 $5 ) 27. Nxa1 Qa4 28. Nc2 f6 29. Bd6 f5 30. Qa3 Qxa3 (30... Qxc2 $2 31. Qa8 Nf6 32. Qxd8+ Kh7 33. Be5 $18) 31. Nxa3 $15 {[%emt 0:00:01][%mdl 4096] Endgame KBN-KBN} Nf6 32. Nc2 Nd5 33. Kf1 Kf7 34. Ke2 h5 35. f3 Bh4 36. fxe4 fxe4 37. g3 Bf6 38. Bb8 Kg6 39. Bd6 Kf5 40. Bb8 (40. Kd1 $17 {keeps fighting.}) 40... g5 $19 41. Bd6 g4 (41... e5 $19 {has better winning chances. Threatens to win with ...exd4.} 42. dxe5 Bxe5 43. Bxe5 Kxe5) 42. h4 (42. hxg4+ $17 Kxg4 43. Kf2) 42... e5 43. Bb8 $2 {[%emt 0:00:57][%mdl 8192] This move loses the game for White.} (43. Bxe5 $17 Bxe5 44. dxe5 Kxe5 45. Kd2) 43... exd4 44. exd4 Bg7 {[%emt 0:00:22] White must now prevent ...Ke6.} 45. Bd6 Bh6 46. Be5 Ke6 47. Bb8 Bc1 48. Kd1 Bb2 49. Bf4 Nxf4 50. gxf4 {[%emt 0:00:05] KB-KN} Kf5 51. d5 cxd5 52. c6 Ke6 {[%emt 0:00:41] Hoping for ...g3.} 53. Ne3 g3 54. Ke2 Bd4 55. f5+ Kd6 56. f6 Kxc6 {[%emt 0:00:51] ( -> ...Bxe3)} 57. f7 Bg7 58. Nf5 Bf8 59. Nxg3 Kd6 60. Nxh5 Ke5 61. Ng3 d4 62. h5 Bh6 63. Nf1 {[%emt 0:00:16] [#]} d3+ $1 64. Kf2 Kf6 {[%emt 0:01:05] Black mates.} 65. Ng3 {[%emt 0:00:28] [#]} e3+ $1 66. Kf3 e2 67. Kf2 Kxf7 68. Ne4 Bf4 ({Stronger than} 68... Bf8 69. Nc5 $11) 69. h6 Kg6 {[%emt 0:00:32] Weighted Error Value: White=0.65/Black=0.20 (precise)} 0-1

[Event "87th Spanish Championship 2022"]
[Site "Linares"]
[Date "2022.08.12"]
[Round "2.7"]
[White "Asis Gargatagli, Hipolito"]
[Black "Lin, Yingrui"]
[Result "1/2-1/2"]
[ECO "B22"]
[WhiteElo "2514"]
[BlackElo "2314"]
[Annotator "TA"]
[PlyCount "58"]
[EventDate "2022.08.11"]
[EventType "swiss"]
[EventCountry "ESP"]
[SourceTitle "playchess.com"]
[Source "ChessBase"]
[SourceQuality "1"]
[TimeControl "5400+30"]

1. e4 c5 2. c3 Nf6 3. e5 Nd5 4. Bc4 Nb6 5. Bb3 c4 6. Bc2 Nc6 7. Nf3 d6 8. exd6 Qxd6 9. O-O Bg4 {[%emt 0:00:13] B22: Sicilian: 2 c3.} 10. Re1 {[%emt 0:00:07] Inhibits Ne5. 10.Re1 scores better than 10.h3.} e6 11. b3 cxb3 {[%emt 0:00:07] White has an edge.} 12. axb3 Be7 13. Na3 Nd5 14. Nc4 Qc7 15. Be4 O-O {[%emt 0:17:01] The position is equal.} 16. Bxd5 (16. Qe2 {feels hotter.} Rfd8 17. Bb2 Nf4 18. Qe3) 16... exd5 17. Ne3 Be6 18. Ba3 Bxa3 19. Rxa3 Qd6 {[%emt 0:00:25] [#]} 20. Qa1 $146 ({Predecessor:} 20. Ra4 Rfe8 21. Qc2 h6 22. Nd4 Bd7 23. Rea1 a6 24. Nxc6 Bxc6 25. Rg4 Qf6 26. f3 {½-½ (49) Cherniaev,A (2396)-Drygalov,S (2481) Ekaterinburg 2019}) 20... d4 21. Nxd4 Nxd4 22. cxd4 Rfd8 23. d5 Bxd5 24. Nf5 $36 {[%emt 0:00:08][%csl Gf5][%cal Ra1g7][%mdl 2048] [#] White is pushing.} Qf6 25. Ne7+ Kf8 $1 {[%emt 0:00:11] Strongly threatening ...Be6.} 26. Nxd5 Qxa1 27. Rexa1 {[%emt 0:00:04][%cal Od5b6] Nb6! is the strong threat.} Rxd5 28. Rxa7 Rxa7 29. Rxa7 Rxd2 {[%emt 0:00:25] Weighted Error Value: White=0.06 (flawless) /Black=0.02 (flawless)} 1/2-1/2